 Dungeon Crawl Stone Soup version 0.17-a0-1411-g06ff558 (webtiles) character file.

10676 beatless the Brawler (level 11, -8/106 HPs)
             Began as a Troll Fighter on June 23, 2015.
             Was a High Priest of Okawaru.
             Mangled by a polar bear (20 damage)
             ... in an ice cave.
             The game lasted 00:16:44 (8691 turns).

beatless the Brawler (Troll Fighter)                Turns: 8691, Time: 00:16:45

Health: -8/106     AC:  8    Str: 29    XL:     11   Next: 39%
Magic:  10/10      EV:  9    Int:  4    God:    Okawaru [*****.]
Gold:   701        SH: 12    Dex:  9    Spells: 0 memorised, 10 levels left

rFire  . . .     SeeInvis .       - Unarmed
rCold  + . .     Clarity  .     i - +0 robe "Otasyugg" {rPois Regen+} (curse)
rNeg   + . .     SustAt   .     b - +1 shield
rPois  +         Gourm    +     (helmet restricted)
rElec  .         Spirit   .     f - +0 cloak
rCorr  .         Warding  +     (gloves unavailable)
rMut   .         Stasis   .     (boots unavailable)
MR     +....                    Q - amulet of warding
Stlth  +.........               (no ring)
                                G - ring of protection from magic

@: somewhat resistant to hostile enchantments, very unstealthy
A: unfitting armour, claws 3, large bone plates 1, cold resistance 1, fast
metabolism 3, gourmand, regeneration 2, robust 1, shaggy fur 1, tough skin 2,
wild magic 1
a: Heroism, Finesse, Renounce Religion


You were in an ice cave.
You worshipped Okawaru.
Okawaru was extremely pleased with you.
You were completely stuffed.

You visited 1 branch of the dungeon, and saw 11 of its levels.
You also visited: Sewer and Ice Cave.

You collected 701 gold pieces.

Inventory:

Missiles
 D - 4 silver tomahawks (quivered)
Armour
 b - a +1 shield (worn)
 f - a +0 cloak (worn)
 i - the cursed +0 robe "Otasyugg" (worn) {rPois Regen+}
   (You found it on level 4 of the Dungeon)

   It protects you from poison.
   It increases your rate of regeneration.
   It has a curse placed upon it.
Jewellery
 m - an uncursed ring of wizardry
 z - an uncursed ring of wizardry
 G - a ring of protection from magic (left claw)
 Q - an amulet of warding (around neck)
Magical devices
 l - a wand of random effects (28)
 o - a wand of frost (23)
 p - a wand of slowing (21)
 A - a wand of teleportation (5)
 C - a wand of fireball (8)
 E - a wand of flame (27)
Scrolls
 g - 5 scrolls of remove curse
 n - 3 scrolls of immolation
 s - a scroll of fog
 w - 3 scrolls of identify
 x - 4 scrolls of magic mapping
 y - a scroll of random uselessness
 B - a scroll of blinking
 F - 3 scrolls of teleportation
 I - a scroll of fear
 M - a scroll of enchant weapon
 N - a scroll of recharging
Potions
 c - 3 potions of might
 e - 7 potions of curing
 q - a potion of lignification
 r - 3 potions of heal wounds
 t - 2 potions of haste
 u - a potion of magic
 L - a potion of flight
Books
 a - a book of Changes

   Spells                             Type                      Level
   a - Beastly Appendage              Transmutation                1
   b - Sticks to Snakes               Transmutation                2
   c - Spider Form                    Transmutation/Poison         3
   d - Ice Form                       Ice/Transmutation            4
   e - Blade Hands                    Transmutation                5
 H - a book of the Dragon

   Spells                             Type                      Level
   a - Flame Tongue                   Conjuration/Fire             1
   b - Cause Fear                     Hexes                        4
   c - Bolt of Fire                   Conjuration/Fire             6
   d - Dragon Form                    Transmutation                7
   e - Dragon's Call                  Summoning                    9
 P - a book of Burglary

   Spells                             Type                      Level
   a - Swiftness                      Charms/Air                   2
   b - Passwall                       Transmutation/Earth          3
   c - Passage of Golubria            Translocation                4
   d - Lee's Rapid Deconstruction     Earth                        5
   e - Invisibility                   Hexes                        6
   f - Darkness                       Hexes                        7
 R - a book of the Tempests

   Spells                             Type                      Level
   a - Static Discharge               Conjuration/Air              3
   b - Lightning Bolt                 Conjuration/Air              5
   c - Fireball                       Conjuration/Fire             5
   d - Tornado                        Air                          9
   e - Shatter                        Earth                        9
Comestibles
 d - 8 bread rations
 h - 11 meat rations
 j - 4 beef jerkies
 k - 5 fruits
 v - a slice of pizza
 J - 11 royal jellies
 O - 7 chunks of flesh


   Skills:
 - Level 3.6 Fighting
 - Level 4.0 Dodging
 - Level 0.1 Stealth
 - Level 3.3 Shields
 * Level 16.2 Unarmed Combat


You had 10 spell levels left.
You didn't know any spells.

Dungeon Overview and Level Annotations

Branches:
Dungeon (11/15)            Temple (0/1) D:6            Lair (0/8) D:9
    Orc: D:9-12

Altars:
Cheibriados
Fedhas
Kikubaaqudgha
Okawaru
Qazlal
Trog
Xom

Shops:
D:5 [


Innate Abilities, Weirdness & Mutations

You are too large for most types of armour.
You have claws for hands.
Your metabolism is lightning-fast.
You like to eat raw meat.
You heal very quickly.
You are covered in fur (AC +1).
You have very tough skin (AC +2).
You are partially covered in large bone plates (AC +2, SH +2).
Your flesh is cold resistant.
You are robust (+10% HP).
Your spells are a little harder to cast, but a little more powerful.


Message History

The polar bear closely misses you.
Drink which item? (? for menu, Esc to quit)
You feel much better. You block the polar bear's attack.
The polar bear claws you but does no damage. x2
You block the polar bear's attack.
The polar bear claws you but does no damage.
You block the polar bear's attack. The polar bear bites you!
* * * LOW HITPOINT WARNING * * *
The polar bear claws you.
* * * LOW HITPOINT WARNING * * *
The polar bear claws you.
* * * LOW HITPOINT WARNING * * *
You closely miss the polar bear.
The polar bear is almost dead.
The polar bear bites you!
* * * LOW HITPOINT WARNING * * *
The polar bear claws you.
* * * LOW HITPOINT WARNING * * *
The polar bear completely misses you. The polar bear bites you!!
You die...

. .# #### ..# ##..##
#### ...#
##....#####..## ....#
#.......##..@h##.h..#
#.∩.∩...†...#hYh....#
#......†...###h.....#
##....##..##
###...#.. ##..######
#..... #### .....
.... ... ...


You could see 4 polar bears and a yak.

Vanquished Creatures
  The ghost of trantor the Sneak, an experienced HEEn (D:7)
  An elephant (D:9)
  A hill giant (D:10)
  The ghost of runewalsh the Cleaver, an experienced OpWr (D:6)
  A cyclops (D:11)
  A troll (D:10)
  2 polar bears (IceCv)
  A two-headed ogre (D:11)
  Sigmund (D:2)
  A deep elf mage (D:11)
  9 yaks
  2 hippogriffs
  A mottled dragon (D:10)
  Menkaure (D:5)
  A hungry ghost (D:8)
  5 wolves (IceCv)
  An ice beast (D:5)
  3 sky beasts
  9 orc warriors
  Purgy (Sewer)
  6 ogres
  A water moccasin (D:5)
  A crocodile (D:9)
  2 big kobolds (D:9)
  A centaur (D:10)
  Blork the orc (D:4)
  A wyvern zombie (D:10)
  4 giant frogs
  4 scorpions
  A wyvern skeleton (D:8)
  8 killer bees
  9 wights
  5 jellies
  6 hounds
  2 crimson imps
  A centaur skeleton (D:4)
  6 orc priests
  A giant frog skeleton (D:7)
  Jessica (D:2)
  13 orc wizards
  5 worker ants
  3 iguanas
  A sheep (D:9)
  A hound zombie (D:5)
  2 hound skeletons
  A worker ant zombie (D:9)
  Robin (D:2)
  13 adders
  4 shadow imps
  7 oozes
  An adder skeleton (D:5)
  2 worms
  A giant gecko (D:2)
  60 orcs
  7 ball pythons
  A bat skeleton (D:5)
  2 bat zombies
  4 giant cockroaches
  12 hobgoblins
  4 jackals (D:5)
  4 quokkas
  7 bats
  10 giant newts
  24 goblins
  A jackal zombie (D:6)
  11 kobolds
  10 rats
317 creatures vanquished.

Notes
Turn   | Place    | Note
--------------------------------------------------------------
     0 | D:1      | beatless the Troll Fighter began the quest for the Orb.
     0 | D:1      | Reached XP level 1. HP: 22/22 MP: 0/0
   230 | D:1      | Reached XP level 2. HP: 26/29 MP: 1/1
   688 | D:2      | Noticed Sigmund
   695 | D:2      | Killed Sigmund
   695 | D:2      | Reached skill level 3 in Fighting
   695 | D:2      | Reached XP level 3. HP: 16/37 MP: 2/2
   695 | D:2      | Reached XP level 4. HP: 19/45 MP: 3/3
   695 | D:2      | Reached XP level 5. HP: 22/53 MP: 4/4
   706 | D:2      | Noticed Jessica
   710 | D:2      | Killed Jessica
   806 | D:2      | Found an iron altar of Okawaru.
   808 | D:2      | Found a bloodstained altar of Trog.
   885 | D:2      | Noticed Robin
   913 | D:2      | Killed Robin
  1521 | D:3      | Reached XP level 6. HP: 61/61 MP: 5/5
  1594 | D:2      | Became a worshipper of Warmaster Okawaru
  1963 | D:4      | Reached skill level 4 in Dodging
  2425 | D:4      | Got a fine robe
  2436 | D:4      | Identified the cursed +0 robe "Otasyugg" {rPois Regen+} (You found it on level 4 of the Dungeon)
  2483 | D:4      | Noticed Blork the orc
  2495 | D:4      | Killed Blork the orc
  2495 | D:4      | Reached skill level 5 in Unarmed Combat
  2495 | D:4      | Reached XP level 7. HP: 56/67 MP: 6/6
  2960 | D:5      | Entered Level 5 of the Dungeon
  2968 | D:5      | Found Opom's Armour Shoppe.
  2983 | D:5      | Reached skill level 6 in Unarmed Combat
  3080 | D:5      | Acquired Okawaru's first power
  3126 | D:5      | Found a glowing drain.
  3135 | Sewer    | Entered a sewer
  3240 | Sewer    | Noticed Purgy
  3249 | Sewer    | Killed Purgy
  3249 | Sewer    | Reached skill level 7 in Unarmed Combat
  3396 | D:5      | Noticed Menkaure
  3405 | D:5      | Killed Menkaure
  3405 | D:5      | Reached XP level 8. HP: 23/76 MP: 7/7
  3622 | D:5      | Reached skill level 8 in Unarmed Combat
  3746 | D:5      | Gained mutation: You expend magic power (3 MP) to strengthen your wands. [mutagenic meat]
  3750 | D:5      | Gained mutation: Scrolls take you a little longer to read. [mutagenic meat]
  3751 | D:5      | Gained mutation: You are partially covered in yellow scales (AC +2). [mutagenic meat]
  3752 | D:5      | Lost mutation: You expend magic power (3 MP) to strengthen your wands. [mutagenic meat]
  3753 | D:5      | Gained mutation: You are resistant to electric shocks. [mutagenic meat]
  3923 | D:5      | Found a blossoming altar of Fedhas.
  3923 | D:5      | Found a shimmering altar of Xom.
  4271 | D:6      | Noticed runewalsh's ghost (experienced OpWr)
  4276 | D:6      | Found a staircase to the Ecumenical Temple.
  4289 | D:6      | Killed runewalsh's ghost
  4289 | D:6      | Reached skill level 9 in Unarmed Combat
  4393 | D:6      | Found a snail-covered altar of Cheibriados.
  4400 | D:6      | Reached skill level 10 in Unarmed Combat
  4447 | D:6      | Found a stormy altar of Qazlal.
  4537 | D:6      | Reached XP level 9. HP: 83/83 MP: 8/8
  5146 | D:7      | Reached skill level 11 in Unarmed Combat
  5330 | D:7      | Noticed trantor's ghost (experienced HEEn)
  5353 | D:7      | Killed trantor's ghost
  5353 | D:7      | Received a gift from Okawaru
  5492 | D:7      | Reached skill level 12 in Unarmed Combat
  5854 | D:8      | Lost mutation: Scrolls take you a little longer to read. [mutagenic meat]
  5855 | D:8      | Gained mutation: You have large cloven feet. [mutagenic meat]
  5856 | D:8      | Gained mutation: Your spells are a little harder to cast, but a little more powerful. [mutagenic meat]
  5857 | D:8      | Lost mutation: You are resistant to electric shocks. [mutagenic meat]
  5858 | D:8      | Lost mutation: You have large cloven feet. [mutagenic meat]
  5859 | D:8      | Gained mutation: You are robust (+10% HP). [mutagenic meat]
  6008 | D:8      | Found an ancient bone altar of Kikubaaqudgha.
  6267 | D:8      | Reached XP level 10. HP: 100/100 MP: 9/9
  6444 | D:8      | Reached skill level 13 in Unarmed Combat
  6996 | D:9      | Noticed an elephant
  7002 | D:9      | Killed an elephant
  7107 | D:9      | Found a staircase to the Lair.
  7160 | D:9      | Reached skill level 14 in Unarmed Combat
  7392 | D:9      | Acquired Okawaru's second power
  7565 | D:10     | Entered Level 10 of the Dungeon
  7662 | D:10     | Reached skill level 15 in Unarmed Combat
  7744 | D:10     | Received a gift from Okawaru
  7786 | D:10     | Reached XP level 11. HP: 65/106 MP: 10/10
  7802 | D:10     | Gained mutation: Your flesh is cold resistant. [mutagenic meat]
  7805 | D:10     | Lost mutation: You are partially covered in yellow scales (AC +2). [mutagenic meat]
  7807 | D:10     | Gained mutation: You are partially covered in large bone plates (AC +2, SH +2). [mutagenic meat]
  7888 | D:10     | Noticed a hill giant
  7898 | D:10     | Killed a hill giant
  8611 | D:11     | Found a frozen archway.
  8628 | IceCv    | Entered an ice cave
  8637 | IceCv    | Reached skill level 16 in Unarmed Combat
  8691 | IceCv    | Mangled by a polar bear

Vault maps used:
D:1:      zaba_arrival_water
D:2:      nicolae_overflow_hidden_temple, uniq_jessica, uniq_sigmund, uniq_robin
D:3:      first_bread
D:4:      uniq_blork_the_orc
D:5:      gammafunk_temple_overflow_statue, serial_shops, shop_statue,
          lightli_sewer_entry_pipes, uniq_menkaure
D:6:      old_standard_altar, slow_altar_1, temple_pool_a
D:8:      nicolae_overflow_crystal_walls
D:9:      david_lair_generic
D:10:     hangedman_little_slice_of_home
D:11:     minmay_orc_entry_temple_small, portal_ice_cave_entry_pillars_03
Sewer:    sewer_co_purgy_island
IceCv:    ice_cave_small_giant

Action                   |  1- 3 |  4- 6 |  7- 9 | 10-12 || total
-------------------------+-------+-------+-------+-------++-------
Melee: Unarmed           |    25 |   180 |   383 |   405 ||   993
Evoke: Deck              |       |       |       |     7 ||     7
  Use: Scroll            |       |     5 |     7 |     1 ||    13
       Potion            |       |     4 |     5 |     2 ||    11
 Stab: Sleeping          |       |     1 |       |     1 ||     2
       Fleeing           |       |       |       |     1 ||     1
  Eat: Chunk             |     2 |    26 |    48 |    28 ||   104
